 Dungeon Crawl Stone Soup version 0.27.1-33-g824d729ab1 (webtiles) character file.

Game seed: 14574940706943160110

542 potato4science the Covert (level 7, 0/48 HPs)
             Began as an Octopode Brigand on Dec 22, 2021.
             Was an Initiate of Gozag.
             Slain by Blork the orc (19 damage)
             ... on level 5 of the Dungeon.
             The game lasted 00:33:29 (4419 turns).

potato4science the Covert (Octopode Brigand)        Turns: 4419, Time: 00:33:31

Health: 0/48       AC:  1    Str: 13    XL:     7   Next: 27%
Magic:  7/7        EV:  9    Int: 13    God:    Gozag
Gold:   382        SH: 12    Dex: 13    Spells: 6/6 levels left

rFire    . . .     SeeInvis .   a - +2 dagger (flame)
rCold    . . .     Faith    .   l - +0 tower shield
rNeg     . . .     Spirit   .   (helmet restricted)
rPois    .         Reflect  .   (no amulet)
rElec    .         Harm     .   (no ring)
rCorr    .         Rampage  .   (no ring)
Will     .....                  (no ring)
Stlth    +++++.....             (no ring)
HPRegen  0.16/turn              (no ring)
MPRegen  0.10/turn              (no ring)
                                (no ring)
                                (no ring)

@: no status effects
A: almost no armour, amphibious, 8 rings, camouflage 1, gelatinous body 1,
(nimble swimmer 1), tentacles
a: Renounce Religion, Potion Petition, Call Merchant, Bribe Branch


You were on level 5 of the Dungeon.
You worshipped Gozag.
Gozag was aware of your devotion.
You visited 2 branches of the dungeon, and saw 8 of its levels.

You collected 592 gold pieces.
You paid 210 gold pieces to Gozag.

Inventory:

Hand Weapons
 a - a +2 dagger of flaming (weapon)
 h - a +2 dagger
Missiles
 b - 21 poisoned darts (quivered)
 c - 2 curare-tipped darts
 o - 5 boomerangs
Armour
 l - a +0 tower shield (worn)
Wands
 r - a wand of digging (5)
 s - a wand of mindburst (19)
Scrolls
 g - a scroll of holy word {unknown}
 j - a scroll of fear {unknown}
 k - 2 scrolls of teleportation {unknown}
 m - a scroll of enchant weapon {unknown}
 n - a scroll of magic mapping {unknown}
 q - a scroll of immolation {unknown}
Potions
 d - 2 potions of flight
 e - 2 potions of curing
 f - a potion of ambrosia


   Skills:
 - Level 4.0 Fighting
 - Level 3.0 Short Blades
 - Level 2.0 Throwing
 - Level 3.0 Dodging
 - Level 8.0 Stealth
 + Level 3.2 Shields


You had 6 spell levels left.
You didn't know any spells.
Your spell library was empty.

Dungeon Overview and Level Annotations

Branches:
Dungeon (7/15)             Temple (1/1) D:4

Altars:
Dithmenos
Elyvilon
Gozag
Hepliaklqana
Kikubaaqudgha
Makhleb
Qazlal
Ru
Sif Muna
Uskayaw
Vehumet
Wu Jian
Xom
Yredelemnul
The Shining One

Shops:
D:4 *

Annotations:
D:4 Dowan; Duvessa
D:5 Blork the orc
D:6 1 runed translucent door, Grinder; JuniperTheExplorer's ghost, novice OpFi; Prince Ribbit


Innate Abilities, Weirdness & Mutations

You cannot wear most types of armour.
You are amphibious.
You can wear up to eight rings at the same time.
Your skin changes colour to match your surroundings (Stealth+).
Your rubbery body absorbs attacks. (AC +1, EV +1)
((You are camouflaged near water. (Stealth+)))
You have tentacles for arms and can constrict up to eight enemies at once.


Message History

Training target 4.0 for Fighting reached!
Your Fighting skill increases to level 4!
You need to enable at least one skill for training.
You now have 365 gold pieces (gained 6).
You now have 376 gold pieces (gained 11).
An orc comes into view. It is wielding a +0 hand axe.
The helpless orc fails to defend itself.
You impale the orc!! You burn the orc.
You kill the orc!
You now have 382 gold pieces (gained 6).
Things that are here:
a +0 hand axe; a +0 leather armour
There is a stone staircase leading down here.
Blork the orc comes into view.
He is wielding a +1 war axe of electrocution.
Found 29 gold pieces.
You throw a poisoned dart. The poisoned dart hits Blork the orc.
Blork the orc is poisoned.
Blork the orc shouts!
Blork the orc gestures wildly while chanting.
Blork the orc seems to speed up.
You throw a poisoned dart.
The poisoned dart closely misses Blork the orc.
You throw a poisoned dart.
The poisoned dart barely misses Blork the orc.
You throw a poisoned dart. The poisoned dart hits Blork the orc.
Blork the orc is lightly wounded.
You block Blork the orc's attack.
You barely miss Blork the orc. You grab Blork the orc.
Blork the orc is lightly wounded.
You constrict Blork the orc, but do no damage.
Blork the orc hits you with a +1 war axe of electrocution!
Blork the orc hits you with a +1 war axe of electrocution.
You hit Blork the orc. You burn Blork the orc.
Blork the orc is moderately wounded.
You constrict Blork the orc.
Blork the orc looks more healthy.
You block Blork the orc's attack.
Blork the orc hits you with a +1 war axe of electrocution!
You are electrocuted!!
You die...
Your body crumbles into a pile of gold.

#.......# ##.###..#
#.....(...$#
#..##..###..........#
##.##...##..........#
###..................#
.....####............###
###...# ##...........$#
#..)####......o....#
#.#.#)...### #@#
#.#.>.#### ##.# #.#..##
##..# #.#...# #..##
#.#.#.## #.## #.#)#..###
#.# #.#.##...###.#
..####..#..# ### ##.#.##


You could see Blork the orc (fast).

Vanquished Creatures
  A bullfrog (D:5)
  A wyvern zombie (D:6)
  A scorpion (D:5)
  A water moccasin skeleton (D:5)
  A howler monkey (D:4)
  A hound (D:6)
  An orc wizard (D:3)
  A hound skeleton (D:4)
  5 gnolls
  6 adders
  An adder skeleton (D:4)
  3 worms (D:2)
  A dart slug (D:4)
  9 orcs
  7 ball pythons
  8 bats
  5 endoplasms
  3 giant cockroaches
  10 goblins
  12 hobgoblins
  4 quokkas
  5 frilled lizards
  11 kobolds
  7 rats
105 creatures vanquished.

Notes
Turn   | Place    | Note
-------+----------+-------------------------------------------
     0 | D:1      | potato4science the Octopode Brigand began the quest for the
                  | Orb.
     0 | D:1      | Reached XP level 1. HP: 14/14 MP: 1/1
   124 | D:1      | Reached XP level 2. HP: 19/19 MP: 2/2
   501 | D:1      | Reached skill level 6 in Stealth
   542 | D:1      | Reached XP level 3. HP: 24/24 MP: 3/3
  1431 | D:2      | Reached XP level 4. HP: 22/31 MP: 4/4
  1620 | D:2      | Found a faded altar of an unknown god.
  2061 | D:3      | Found a glowing golden altar of the Shining One.
  2065 | D:3      | You fall into a shaft and drop 3 floors!
  2074 | D:6      | Found an ancient bone altar of Kikubaaqudgha.
  2078 | D:6      | Reached XP level 5. HP: 32/36 MP: 5/5
  2110 | D:6      | Found a runed translucent door.
  2110 | D:6      | Noticed JuniperTheExplorer's ghost (novice OpFi)
  2117 | D:6      | Noticed Grinder
  2122 | D:6      | Noticed a water moccasin
  2126 | D:6      | Noticed Prince Ribbit
  2145 | D:5      | Entered Level 5 of the Dungeon
  2152 | D:5      | Reached skill level 7 in Stealth
  2321 | D:4      | Found an opulent altar of Gozag.
  2386 | D:4      | You fall into a shaft and drop 3 floors!
  2485 | D:6      | Reached XP level 6. HP: 42/42 MP: 6/6
  2504 | D:6      | Noticed an ice beast
  2613 | D:4      | Became a worshipper of Gozag Ym Sagoz the Greedy
  2632 | D:4      | Noticed Dowan
  2737 | D:3      | Reached skill level 8 in Stealth
  2929 | D:3      | Reached skill level 1 in Shields
  3673 | D:4      | Found Iaradij's Incredible Inventory.
  3740 | D:4      | Noticed Duvessa
  3749 | D:4      | Found a staircase to the Ecumenical Temple.
  3754 | Temple   | Entered the Ecumenical Temple
  4220 | D:5      | Reached XP level 7. HP: 39/47 MP: 7/7
  4413 | D:5      | Noticed Blork the orc
  4419 | D:5      | Slain by Blork the orc

Illustrated notes

Levels and vault maps discovered:
D:1:      saegor_arrival_simple_b, layout_basic, hangedman_decor_push,
          minmay_pentomino_q4
D:2:      layout_loops_ring, shapermc_ecumenical_altar_notcrosses,
          minmay_bisected
D:3:      layout_basic, old_standard_altar
D:4:      layout_rooms, mainiacjoe_overflow_chevrons,
          minmay_temple_entry_glassed_door, minivault_25,
          nicolae_alphabet_shops, st_stairs_12, uniq_duvessa
D:5:      layout_rooms, cheibrodos_ashenzari_chains, minmay_door_square,
          uniq_blork_the_orc
D:6:      layout_loops_cross, trog_three_pillars_becter, marbit_many_paths,
          amcnicky_altar_gilded, serial_shops, nicolae_shop_trees,
          ebering_ghost_reflecting_pool, minmay_manual_mares,
          uniq_prince_ribbit1, uniq_grinder
D:7:      layout_basic, serial_shops, nicolae_diamond_shop, minivault_4,
          grunt_decor_one_mirror, lightli_orcish_oven
Temple:   nicolae_temple_no_exploring_needed

Skill      XL: |  1  2  3  4  5  6  7 |
---------------+----------------------+-----
Dodging        | 2 3 |  3.0
Stealth        | 6 7 8 |  8.0
Fighting       | 3 4 |  4.0
Short Blades   | 3 |  3.0
Shields        | 3 |  3.2
Throwing       | |  2.0

Action                   |  1- 3 |  4- 6 |  7- 9 || total
-------------------------+-------+-------+-------++-------
Melee: Dagger            |    70 |    99 |     9 ||   178
       Constrict         |    16 |    21 |     3 ||    40
       Tentacles         |    10 |    12 |     3 ||    25
Throw: Dart              |    11 |    21 |     4 ||    36
       Boomerang         |       |     4 |       ||     4
  Use: Scroll            |       |     5 |       ||     5
 Stab: Sleeping          |    18 |    20 |     2 ||    40
       Distracted        |       |     1 |       ||     1
Armor: Skin              |     6 |     5 |       ||    11
Dodge: Dodged            |    23 |    25 |     1 ||    49
Block: Tower shield      |       |    16 |     3 ||    19
